 Dungeon Crawl Stone Soup version 0.18-a0-1562-gac8da35 (webtiles) character file.

112 Eldritch the Sneak (level 4, 0/30 HPs)
             Began as an Octopode Assassin on Mar 14, 2016.
             Slain by a gnoll
             ... wielding a +0 spear
              (12 damage)
             ... on level 2 of the Dungeon.
             The game lasted 00:02:01 (1406 turns).

Eldritch the Sneak (Octopode Assassin)              Turns: 1406, Time: 00:02:01

Health: 0/30       AC:  1    Str: 11    XL:     4   Next: 95%
Magic:  4/4        EV: 12    Int: 13    God:
Gold:   40         SH:  0    Dex: 13    Spells: 0 memorised, 3 levels left

rFire  . . .     SeeInvis .     b - +1 blowgun
rCold  . . .     Gourm    .     (no shield)
rNeg   . . .     Faith    .     (helmet restricted)
rPois  .         Spirit   .     (no amulet)
rElec  .         Dismiss  .     (no ring)
rCorr  .         Reflect  .     (no ring)
SustAt .         Harm     .     (no ring)
MR     .....                    (no ring)
Stlth  +++++.....               (no ring)
                                (no ring)
                                (no ring)
                                (no ring)

@: not resistant to hostile enchantments, quite stealthy
A: almost no armour, amphibious, 8 rings, constrict 8, camouflage 1, gelatinous
body 1
a: no special abilities


You were on level 2 of the Dungeon.
You were not hungry.

You visited 1 branch of the dungeon, and saw 2 of its levels.

You collected 40 gold pieces.

Inventory:

Hand Weapons
 a - a +2 dagger
 b - a +1 blowgun (weapon)
Missiles
 c - 2 poisoned needles (quivered)
 d - 2 curare-tipped needles
Scrolls
 e - a scroll of enchant weapon
 h - 2 scrolls of teleportation {unknown}
 j - a scroll of recharging {unknown}
 k - a scroll of enchant armour {unknown}
 l - a scroll of remove curse {unknown}
 o - a scroll of amnesia {unknown}
Potions
 f - a potion of heal wounds {unknown}
Comestibles
 g - a meat ration
 i - a beef jerky


   Skills:
 + Level 2.3 Fighting
 + Level 2.4 Short Blades
 + Level 2.1 Throwing
 + Level 1.2 Dodging
 + Level 7.8 Stealth


You had 3 spell levels left.
You didn't know any spells.

Dungeon Overview and Level Annotations

Branches:
Dungeon (2/15)

Altars:
Ashenzari
Makhleb
Pakellas
Qazlal
Vehumet


Innate Abilities, Weirdness & Mutations

You cannot wear most types of armour.
You are amphibious.
You can wear up to eight rings at the same time.
You can use your tentacles to constrict eight enemies at once.
Your skin changes colour to match your surroundings (Stealth).
Your rubbery body absorbs attacks (AC +1).


Message History

Press: ? - help, Shift-Dir - straight line, f/p - goblin
Aim: a goblin, wielding a spear (severely wounded, poisoned)
You shoot a poisoned needle.
The poisoned needle completely misses the goblin.
The poisoned needle closely misses the gnoll.
You kill the goblin!
A gnoll comes into view. It is wielding a club.
Firing (i - inventory. (,) - cycle):
c - 4 poisoned needles (quivered)
Press: ? - help, Shift-Dir - straight line, f - gnoll
Aim: a gnoll, wielding a spear You shoot a poisoned needle.
The poisoned needle hits the gnoll!
The gnoll is poisoned.
Firing (i - inventory. (,) - cycle):
c - 3 poisoned needles (quivered)
Press: ? - help, Shift-Dir - straight line, f/p - gnoll
Aim: a gnoll, wielding a spear (moderately wounded, poisoned)
You shoot a poisoned needle. The poisoned needle hits the gnoll!
The gnoll looks even sicker.
The gnoll is moderately wounded.
The gnoll hits you from afar with a spear!
You die...

#......###.#.###
#####.#...#.#.##.########
.....#......)..†g........
...##.#......###(########
##....######## #g#
...#### #g# #### #g# #
#.# # #@# # #.# #.. ####


You could see 4 gnolls.

Vanquished Creatures
  Ijyb (D:2)
  4 gnolls (D:2)
  An adder (D:2)
  2 dart slugs
  A giant gecko (D:1)
  3 giant cockroaches
  8 goblins
  3 hobgoblins
  A quokka (D:2)
  2 bats
  3 giant newts (D:1)
  7 kobolds
  2 rats
38 creatures vanquished.

Notes
Turn   | Place    | Note
--------------------------------------------------------------
     0 | D:1      | Eldritch the Octopode Assassin began the quest for the Orb.
     0 | D:1      | Reached XP level 1. HP: 14/14 MP: 1/1
   274 | D:1      | Reached XP level 2. HP: 19/19 MP: 2/2
   343 | D:1      | Reached skill level 6 in Stealth
   903 | D:2      | Reached XP level 3. HP: 24/24 MP: 3/3
   915 | D:2      | Found a stormy altar of Qazlal.
   917 | D:2      | Found a shattered altar of Ashenzari.
   919 | D:2      | Found a burning altar of Makhleb.
   935 | D:2      | Found a radiant altar of Vehumet.
   958 | D:2      | Noticed Ijyb
   961 | D:2      | Killed Ijyb
   964 | D:2      | Found an oddly glowing altar of Pakellas.
   986 | D:2      | Reached skill level 7 in Stealth
  1033 | D:2      | Reached XP level 4. HP: 18/29 MP: 4/4
  1406 | D:2      | Slain by a gnoll

Vault maps used:
D:1:      dpeg_arrival_rhombus
D:2:      nicolae_overflow_hidden_temple, grunt_pakellas_basics,
          nicolae_overflow_crystal_walls, uniq_iyjb

Skill      XL: |  1  2  3 |
---------------+----------+-----
Stealth        | 6 7 |  7.8
Fighting       | |  2.3
Short Blades   | |  2.4
Throwing       | |  2.1
Dodging        | |  1.2

Action                   |  1- 3 |  4- 6 || total
-------------------------+-------+-------++-------
Melee: Dagger            |    50 |    16 ||    66
 Fire: Blowgun           |       |     9 ||     9
  Use: Potion            |       |     2 ||     2
       Scroll            |       |     1 ||     1
 Stab: Sleeping          |    10 |     1 ||    11
  Eat: Bread ration      |       |     1 ||     1
